 Dungeon Crawl Stone Soup version 0.19.1-1-g22dce08 (webtiles) character file.

511 Fallorn the Covered (level 7, -18/44 HPs)
             Began as a Gargoyle Fighter on Jan 6, 2017.
             Demolished by an ogre
             ... wielding a +0 giant spiked club
              (23 damage)
             ... on level 4 of the Dungeon.
             The game lasted 00:08:52 (3550 turns).

Fallorn the Covered (Gargoyle Fighter)              Turns: 3550, Time: 00:08:53

Health: -18/44     AC: 14    Str: 19    XL:     7   Next: 19%
Magic:  7/7        EV:  8    Int:  9    God:
Gold:   245        SH:  9    Dex: 11    Spells: 0 memorised, 6 levels left

rFire  . . .     SeeInvis +     a - +0 flail
rCold  . . .     Gourm    .     b - +0 scale mail
rNeg   + . .     Faith    +     j - +0 shield
rPois  ∞         Spirit   .     H - +0 helmet
rElec  +         Reflect  .     v - +0 cloak
rCorr  .         Harm     .     (no gloves)
MR     .....                    (no boots)
Stlth  ..........               D - amulet of faith
                                (no ring)
                                t - ring of see invisible

@: no status effects
A: negative energy resistance 1, electricity resistance, unbreathing,
petrification resistance, rot immunity, AC +4
a: no special abilities


You were on level 4 of the Dungeon.
You were not hungry.

You visited 1 branch of the dungeon, and saw 4 of its levels.

You collected 245 gold pieces.

Inventory:

Hand Weapons
 a - a +0 flail (weapon)
 C - a cursed -3 spear
Missiles
 E - 3 javelins (quivered)
Armour
 b - a +0 scale mail (worn)
 c - a +0 shield
 j - a +0 shield (worn)
 v - a +0 cloak (worn)
 H - a +0 helmet (worn)
Jewellery
 t - a ring of see invisible (left hand)
 D - an amulet of faith (around neck)
Wands
 w - a wand of iceblast (7/15)
 y - a wand of teleportation (3/9)
 B - a wand of teleportation (4/9)
Scrolls
 g - a scroll of amnesia {unknown}
 k - 3 scrolls of identify {unknown}
 l - 2 scrolls of remove curse {unknown}
 m - 2 scrolls of enchant armour {unknown}
 o - a scroll of recharging {unknown}
 p - a scroll of enchant weapon {unknown}
 x - a scroll of immolation {unknown}
Potions
 d - a potion of might
 e - a potion of invisibility
 h - a potion of brilliance {unknown}
 i - a potion of degeneration {unknown}
 q - a potion of lignification {unknown}
 s - 2 potions of flight {unknown}
 z - a potion of resistance {unknown}
 A - a potion of heal wounds {unknown}
Books
 u - a book of Minor Magic

   Spells                             Type                      Level
   a - Magic Dart                     Conjuration                  1
   b - Blink                          Translocation                2
   c - Call Imp                       Summoning                    2
   d - Repel Missiles                 Charms/Air                   2
   e - Slow                           Hexes                        2
   f - Conjure Flame                  Conjuration/Fire             3
   g - Mephitic Cloud                 Conjuration/Poison/Air       3
Comestibles
 f - 6 bread rations
 n - a slice of pizza
 r - a meat ration
 F - 2 chunks of flesh
 G - a beef jerky


   Skills:
 + Level 4.4 Fighting
 + Level 4.6 Maces & Flails
 + Level 5.0 Armour
 + Level 1.3 Dodging
 + Level 1.0 Stealth
 + Level 4.9 Shields


You had 6 spell levels left.
You didn't know any spells.

Dungeon Overview and Level Annotations

Branches:
Dungeon (4/15)
 Temple: D:4-7

Altars:
Ashenzari
Fedhas
Kikubaaqudgha
Makhleb
Ru
Xom
Yredelemnul
The Shining One


Innate Abilities, Weirdness & Mutations

You are resistant to torment.
Your stone body is resilient. (AC +4)
You are immune to poison.
You resist negative energy. (rN+)
You are resistant to electric shocks. (rElec)
You can survive without breathing.
You are immune to petrification.
You are immune to rotting.


Message History

You hit the ogre but do no damage.
The ogre is moderately wounded.
The ogre barely misses you.
You hit the ogre.
The ogre is moderately wounded.
You block the ogre's attack.
You barely miss the ogre.
The ogre is moderately wounded.
You hit the ogre.
The ogre is heavily wounded.
The ogre closely misses you.
You barely miss the ogre.
The ogre is heavily wounded.
The ogre hits you with a giant spiked club!!
* * * LOW HITPOINT WARNING * * *
You thump the ogre!
The ogre is severely wounded.
The ogre hits you with a giant spiked club!!
Ouch! That really hurt!
You die...

### ..# #.# #.### ##
#.#.. ..## #.#.# #..#
### #.#.# ..#
##.###÷#O##.#.. #.#
#......@.......
##.########.###......#..
............[...........
.#.########..###..#.###.
.#.# #........... .#.#
#...##.##.###
.#.########...##.# ...
.#............##.# ##
........####..#


You could see an ogre.

Vanquished Creatures
  A sky beast (D:4)
  A phantom (D:4)
  The ghost of buriedalive the Sneak, an amateur SpAs (D:3)
  An iguana (D:4)
  Natasha (thrice) (D:3)
  A worker ant (D:4)
  5 adders (D:3)
  4 gnolls (D:3)
  An ooze (D:2)
  2 worms
  3 dart slugs
  2 leopard geckos (D:3)
  7 bats
  6 giant cockroaches
  4 goblins (D:1)
  2 hobgoblins (D:1)
  3 jackals
  A quokka (D:3)
  3 frilled lizards
  3 kobolds (D:1)
  3 rats
57 creatures vanquished.

Notes
Turn   | Place    | Note
-------+----------+-------------------------------------------
     0 | D:1      | Fallorn the Gargoyle Fighter began the quest for the Orb.
     0 | D:1      | Reached XP level 1. HP: 14/14 MP: 1/1
   107 | D:1      | Reached XP level 2. HP: 19/19 MP: 2/2
   344 | D:1      | You fall through a shaft!
   362 | D:2      | Reached XP level 3. HP: 23/24 MP: 3/3
  1130 | D:2      | Found a blossoming altar of Fedhas.
  1131 | D:2      | Found an ancient bone altar of Kikubaaqudgha.
  1201 | D:2      | Found a faded altar of an unknown god.
  1254 | D:2      | Found a glowing golden altar of the Shining One.
  2002 | D:3      | Found a burning altar of Makhleb.
  2002 | D:3      | Found a basalt altar of Yredelemnul.
  2002 | D:3      | Found a shattered altar of Ashenzari.
  2002 | D:3      | Found a shimmering altar of Xom.
  2083 | D:3      | Reached XP level 4. HP: 14/29 MP: 4/4
  2528 | D:3      | Noticed buriedalive's ghost (amateur SpAs)
  2572 | D:3      | Killed buriedalive's ghost
  2572 | D:3      | Reached skill level 4 in Armour
  2572 | D:3      | Reached XP level 5. HP: 30/33 MP: 5/5
  2691 | D:3      | Noticed Natasha
  2697 | D:3      | Killed Natasha
  2838 | D:3      | Noticed Natasha
  2848 | D:3      | Killed Natasha
  2881 | D:3      | Noticed Natasha
  2888 | D:3      | Killed Natasha
  2888 | D:3      | Reached XP level 6. HP: 21/38 MP: 6/6
  3102 | D:3      | Found a sacrificial altar of Ru.
  3138 | D:3      | Reached skill level 1 in Dodging
  3221 | D:4      | Noticed a sky beast
  3221 | D:4      | Noticed a phantom
  3270 | D:4      | Killed a sky beast
  3343 | D:4      | Killed a phantom
  3343 | D:4      | Reached skill level 5 in Armour
  3343 | D:4      | Reached skill level 1 in Stealth
  3343 | D:4      | Reached XP level 7. HP: 22/44 MP: 7/7
  3550 | D:4      | Demolished by an ogre

Skill      XL: |  1  2  3  4  5  6 |
---------------+-------------------+-----
Maces & Flails | 3 4 |  4.6
Fighting       | 4 |  4.4
Armour         | 4 5 |  5.0
Shields        | 4 |  4.9
Dodging        | 1 |  1.3
Stealth        | 1 |  1.0

Action                   |  1- 3 |  4- 6 |  7- 9 || total
-------------------------+-------+-------+-------++-------
Melee: Flail             |   134 |   180 |    32 ||   346
  Eat: Chunk             |     4 |     4 |     1 ||     9
Armor: Scale mail        |    91 |   105 |     8 ||   204
Dodge: Dodged            |    37 |    51 |    10 ||    98
Block: Shield            |    77 |    85 |    11 ||   173
